 Dungeon Crawl Stone Soup version 0.31.0-11-ge490571c62 (webtiles) character file.

Game seed: 8824784725784017244

2864 qw the Skirmisher (level 9, -5/52 HPs)
             Began as a Deep Elf Hunter on Feb 3, 2024.
             Was an Initiate of Okawaru.
             Killed by divine providence
             ... invoked by an orc priest
              (12 damage)
             ... on level 8 of the Dungeon.
             The game lasted 00:01:09 (5650 turns).

qw the Skirmisher (Deep Elf Hunter)                 Turns: 5650, Time: 00:01:10

Health: -5/52      AC:  8    Str: 12    XL:     9   Next: 47%
Magic:  11/11      EV: 19    Int: 15    God:    Okawaru [......]
Gold:   71         SH:  0    Dex: 18    Spells: 8/8 levels left

rFire   . . .        j - +0 orcbow
rCold   . . .        (shield currently unavailable)
rNeg    . . .        m - +0 ring mail
rPois   +            e - +0 helmet
rElec   .            (no cloak)
rCorr   .            h - +1 pair of gloves
SInv    .            (no boots)
Will    .....        i - amulet of faith
Stlth   +            d - +5 ring of evasion
HPRegen 0.28/turn    c - ring of poison resistance
MPRegen 0.12/turn

%: faith
@: about to teleport
A: no striking features
a: Renounce Religion


You were on level 8 of the Dungeon.
You worshipped Okawaru.
Okawaru was noncommittal.
You visited 2 branches of the dungeon, and saw 9 of its levels.

You collected 456 gold pieces.
You spent 385 gold pieces at shops.


   Skills:
 - Level 4.7 Fighting
 + Level 14.1 Ranged Weapons
 - Level 2.0 Armour
 - Level 7.0 Dodging
 - Level 1.2 Stealth


You had 8 spell levels left.
You didn't know any spells.
Your spell library was empty.

Inventory:

Hand Weapons
 j - a +0 orcbow (weapon)
Armour
 e - a +0 helmet (worn)
 h - a +1 pair of gloves (worn)
 m - a +0 ring mail (worn)
Jewellery
 c - a ring of poison resistance (right hand)
 d - a +5 ring of evasion (left hand)
 f - a ring of see invisible
 g - the amulet of the Byakko {Reflect rC+ Str+2 Dex+6 SH+5}
   (You found it on level 2 of the Dungeon)

   [amulet of reflection]

   Reflect:   It reflects blocked missile attacks.
   Str+2:     It affects your strength (+2).
   Dex+6:     It affects your dexterity (+6).
   rC+:       It protects you from cold.
   SH+5:      It affects your SH (+5).
 i - an amulet of faith (around neck)
 Y - a ring of positive energy
Wands
 k - a wand of quicksilver (7)
Potions
 b - a potion of curing
 o - a potion of enlightenment
 p - a potion of haste

Dungeon Overview and Level Annotations

Branches:
Dungeon (8/15)             Temple (1/1) D:7
   Lair: D:8-11

Altars:
Ashenzari
Cheibriados
Dithmenos
Elyvilon
Fedhas
Gozag
Hepliaklqana
Kikubaaqudgha
Makhleb
Nemelex Xobeh
Okawaru
Qazlal
Ru
Sif Muna
Trog
Uskayaw
Vehumet
Wu Jian
Xom
Yredelemnul
Zin
The Shining One

Shops:
D:4 [   D:5 [   D:7 *=


Message History

The orc throws an atropa-tipped dart.
The atropa-tipped dart closely misses you.
An orc comes into view. It is wielding a +0 short sword.
You shoot an arrow. The arrow hits the orc.
The orc is heavily wounded.
You hear an angry hiss.
A wyvern comes into view.
You shoot an arrow. The arrow hits the wyvern.
The wyvern is lightly wounded.
You shoot an arrow. The arrow closely misses the wyvern.
The arrow hits the orc.
The orc is severely wounded.
The wyvern closely misses you.
You shoot an arrow. The arrow closely misses the wyvern.
The arrow hits the orc.
The orc is almost dead.
The wyvern bites you!
An orc comes into view. It is wielding a +0 hand axe.
The wyvern bites you!
You shoot an arrow. The arrow barely misses the wyvern.
The orc shouts!
The arrow hits the orc.
You kill the orc!
Okawaru accepts your kill. The wyvern barely misses you.
You shoot an arrow.
The arrow hits the wyvern but does no damage.
The wyvern is lightly wounded.
The wyvern bites you.
You shoot an arrow. The arrow hits the wyvern.
The wyvern is moderately wounded.
The wyvern bites you! The wyvern completely misses you.
5649 ||| READING scroll of teleportation.
As you read the scroll of teleportation, it crumbles to dust.
You feel strangely unstable. The wyvern bites you.
You shoot an arrow. The arrow hits the wyvern.
The wyvern is moderately wounded.
The wyvern bites you but does no damage.
The orc priest calls down the wrath of Beogh upon you.
Beogh smites you!
You die... ... ####### ... #.....# ##'#### #.....# #...#. #.....# #..o. #.....# ooo

####.....#####k##
###.#..#####..##@.##
...........#.......#
....<......#.......#
...........#.......#
...........#.......#
...........#.......#
######.##.###.######
###.##.###'###
#............#


You could see a wyvern, an orc priest and 3 orcs.

Vanquished Creatures
  Pikel (D:6)
  A wyvern (D:7)
  A steam dragon (D:7)
  Edmund (D:5)
  A sky beast (D:7)
  A black bear (D:4)
  4 ice beasts
  An ogre (D:5)
  2 centaurs (D:7)
  3 lemures (D:6)
  2 bullfrogs (D:7)
  5 scorpions
  A howler monkey (D:7)
  5 hounds
  A jelly (D:7)
  2 gnoll boudas (D:7)
  A sleepcap (D:7)
  An iguana (D:6)
  5 orc wizards
  11 gnolls
  7 adders
  A shadow imp (D:7)
  A white imp (D:7)
  2 ufetubi (D:6)
  A ribbon worm (D:4)
  A dart slug (D:5)
  19 orcs
  4 ball pythons
  3 bats
  9 endoplasms
  2 giant cockroaches
  12 goblins
  6 hobgoblins
  6 jackals
  3 kobolds
  5 quokkas
  4 frilled lizards (D:1)
  4 rats
140 creatures vanquished.

Vanquished Creatures (others)
  An orc warrior (D:6)
1 creature vanquished.

Grand Total: 141 creatures vanquished

Notes
Turn   | Place    | Note
-------+----------+-------------------------------------------
     0 | D:1      | qw the Deep Elf Hunter began the quest for the Orb.
     0 | D:1      | Reached XP level 1. HP: 12/12 MP: 3/3
     0 | D:1      | 0 ||| qw: Version: 0.3-a-155-g5e7d8dd
     0 | D:1      | 0 ||| qw: Game counter: 3147
     0 | D:1      | 0 ||| qw: Melee chars always use a shield: true
     0 | D:1      | 0 ||| qw: God list: Okawaru
     0 | D:1      | 0 ||| qw: Allow faded altars: false
     0 | D:1      | 0 ||| qw: Do Orc after clearing Dungeon:15 true
     0 | D:1      | 0 ||| qw: Do second Lair branch before Depths: true
     0 | D:1      | 0 ||| qw: Lair rune preference: random
     0 | D:1      | 0 ||| qw: Goals: Normal
     0 | D:1      | 0 ||| PLANNING D:1-11
    80 | D:1      | Reached skill level 6 in Ranged Weapons
    80 | D:1      | Reached XP level 2. HP: 8/16 MP: 4/4
   459 | D:1      | 459 ||| UPGRADING to +0 pair of gloves.
   464 | D:1      | 464 ||| UPGRADING to +0 ring mail.
   474 | D:1      | 474 ||| DROPPING +0 leather armour.
   475 | D:1      | 475 ||| UPGRADING to +5 ring of evasion.
   476 | D:1      | 476 ||| READING scroll labelled BOASTR BAAF.
   504 | D:1      | 504 ||| READING scroll labelled ORURRUHEIP.
   509 | D:1      | 509 ||| READING scroll labelled DYNWAPH RAFANG.
   509 | D:1      | 509 ||| ENCHANTING +0 shortbow.
   510 | D:1      | 510 ||| READING scroll labelled QAEJIUBANNA.
   510 | D:1      | 510 ||| IDENTIFYING pink potion
   511 | D:1      | 511 ||| DRINKING 2 fizzy clear potions.
   549 | D:1      | 549 ||| DRINKING 3 fizzy ruby potions.
   550 | D:1      | 550 ||| DROPPING scroll of butterflies.
   551 | D:1      | 551 ||| DROPPING potion of lignification.
   552 | D:1      | 552 ||| DROPPING potion of magic.
   574 | D:2      | Reached XP level 3. HP: 20/20 MP: 5/5
   712 | D:2      | Found a faded altar of an unknown god.
   712 | D:2      | Noticed a shadow demon
   758 | D:2      | Reached skill level 7 in Ranged Weapons
  1098 | D:2      | Identified the amulet of the Byakko {Reflect rC+ Str+2
                  | Dex+6 SH+5}
  1137 | D:2      | Reached XP level 4. HP: 25/25 MP: 6/6
  1268 | D:2      | 1268 ||| DROPPING scarf of shadows.
  1269 | D:2      | 1269 ||| UPGRADING to +1 pair of gloves.
  1279 | D:2      | 1279 ||| DROPPING +0 pair of gloves.
  1280 | D:2      | 1280 ||| UPGRADING to amulet of the Byakko {Reflect rC+
                  | Str+2 Dex+6 SH+5}.
  1285 | D:2      | 1285 ||| READING 2 scrolls of identify.
  1285 | D:2      | 1285 ||| IDENTIFYING smoky blue potion
  1286 | D:2      | 1286 ||| READING scroll of identify.
  1286 | D:2      | 1286 ||| IDENTIFYING purple potion
  1287 | D:2      | 1287 ||| DROPPING potion of invisibility.
  1288 | D:2      | 1288 ||| DROPPING potion of berserk rage.
  1320 | D:3      | 1320 ||| FLEEEEING.
  1321 | D:3      | 1321 ||| FLEEEEING.
  1322 | D:3      | 1322 ||| STAIRDANCE
  1355 | D:3      | 1355 ||| DRINKING 2 potions of curing.
  1355 | D:3      | 1355 ||| (to cure confusion)
  1358 | D:3      | 1358 ||| DRINKING potion of curing.
  1358 | D:3      | 1358 ||| (to cure confusion)
  1363 | D:3      | Reached skill level 8 in Ranged Weapons
  1505 | D:3      | Reached XP level 5. HP: 29/29 MP: 7/7
  1593 | D:3      | Reached skill level 3 in Dodging
  1899 | D:3      | 1899 ||| READING scroll of identify.
  1899 | D:3      | 1899 ||| IDENTIFYING brown potion
  1900 | D:3      | 1900 ||| DRINKING 2 lumpy yellow potions.
  1947 | D:4      | Found a bloodstained altar of Trog.
  1948 | D:4      | Found an ancient bone altar of Kikubaaqudgha.
  1950 | D:4      | Found a basalt altar of Yredelemnul.
  2011 | D:4      | Reached skill level 9 in Ranged Weapons
  2039 | D:4      | Reached XP level 6. HP: 36/36 MP: 8/8
  2150 | D:4      | 2150 ||| RETREEEEATING.
  2151 | D:4      | 2151 ||| RETREEEEATING.
  2152 | D:4      | 2152 ||| RETREEEEATING.
  2153 | D:4      | 2153 ||| RETREEEEATING.
  2154 | D:4      | HP: 7/36 [black bear (6)]
  2155 | D:4      | 2155 ||| DRINKING potion of heal wounds.
  2363 | D:4      | 2363 ||| READING scroll of enchant weapon.
  2363 | D:4      | 2363 ||| ENCHANTING +1 shortbow.
  2558 | D:4      | Found Des Toi's Antique Armour Shop.
  2565 | D:4      | 2565 ||| SHOPLISTING pair of glowing boots (240 gold, have
                  | 213).
  2565 | D:4      | 2565 ||| SHOPLISTING pair of runed boots (240 gold, have
                  | 213).
  2565 | D:4      | 2565 ||| SHOPLISTING pair of smoking gloves (304 gold, have
                  | 213).
  2586 | D:4      | 2586 ||| UPGRADING to +0 helmet.
  2605 | D:5      | Entered Level 5 of the Dungeon
  2632 | D:5      | Found Mocwa's Armour Emporium.
  2640 | D:5      | 2640 ||| SHOPLISTING +3 leather armour of the Saviour
                  | {Slay+3} (475 gold, have 213).
  2956 | D:5      | 2956 ||| READING scroll of enchant weapon.
  2956 | D:5      | 2956 ||| ENCHANTING +2 shortbow.
  3018 | D:5      | Reached skill level 1 in Armour
  3071 | D:5      | Reached skill level 10 in Ranged Weapons
  3071 | D:5      | Reached XP level 7. HP: 40/40 MP: 9/9
  3118 | D:5      | Noticed Edmund
  3144 | D:5      | Killed Edmund
  3295 | D:5      | Found an opulent altar of Gozag.
  3296 | D:5      | Found a glowing silver altar of Zin.
  3410 | D:5      | 3410 ||| READING 3 scrolls of identify.
  3410 | D:5      | 3410 ||| IDENTIFYING fizzy coppery potion
  3411 | D:5      | 3411 ||| DROPPING potion of degeneration.
  3420 | D:6      | 3420 ||| STAIRDANCE
  3625 | D:6      | Noticed Pikel
  3645 | D:6      | Killed Pikel
  3646 | D:6      | Reached skill level 12 in Ranged Weapons
  3646 | D:6      | Reached XP level 8. HP: 27/45 MP: 10/10
  3767 | D:6      | Reached skill level 3 in Fighting
  3783 | D:6      | Reached skill level 13 in Ranged Weapons
  4301 | D:6      | 4301 ||| UPGRADING to amulet of faith.
  4311 | D:6      | 4311 ||| UPGRADING to ring of positive energy.
  4312 | D:6      | 4312 ||| READING 3 scrolls of identify.
  4312 | D:6      | 4312 ||| IDENTIFYING ruby potion
  4313 | D:6      | 4313 ||| READING 2 scrolls of identify.
  4313 | D:6      | 4313 ||| IDENTIFYING scroll labelled GYW JELOYCAEKK
  4314 | D:6      | 4314 ||| READING scroll of identify.
  4314 | D:6      | 4314 ||| IDENTIFYING scroll labelled POWEFU MISON
  4315 | D:6      | 4315 ||| READING scroll of brand weapon.
  4315 | D:6      | 4315 ||| BRANDING +3 shortbow.
  4316 | D:6      | 4316 ||| READING scroll labelled OVUANW DUNNYRGH.
  4317 | D:6      | 4317 ||| DROPPING scroll of vulnerability.
  4333 | D:7      | Found Suimiq's Jewellery Shoppe.
  4337 | D:7      | 4337 ||| STAIRDANCE
  4342 | D:7      | 4342 ||| STAIRDANCE
  4432 | D:7      | 4432 ||| STAIRDANCE
  4494 | D:7      | 4494 ||| STAIRDANCE
  4499 | D:6      | Reached skill level 14 in Ranged Weapons
  4540 | D:7      | 4540 ||| STAIRDANCE
  4544 | D:6      | HP: 9/46 [orc warrior/+0 scimitar (3)]
  4545 | D:6      | 4545 ||| DRINKING potion of heal wounds.
  4622 | D:7      | Reached XP level 9. HP: 52/52 MP: 11/11
  4624 | D:7      | 4624 ||| SHOPLISTING +6 ring of dexterity (396 gold, have
                  | 390).
  4624 | D:7      | 4624 ||| SHOPLISTING +6 ring of strength (396 gold, have
                  | 390).
  4624 | D:7      | 4624 ||| BUYING ring of poison resistance (220 gold).
  4624 | D:7      | Bought a ring of poison resistance for 220 gold pieces
  4624 | D:7      | 4624 ||| BUYING ring of see invisible (165 gold).
  4624 | D:7      | Bought a ring of see invisible for 165 gold pieces
  4722 | D:7      | Found Ceor's Mass Market.
  4855 | D:7      | 4855 ||| RETREEEEATING.
  4858 | D:7      | 4858 ||| RETREEEEATING.
  4859 | D:7      | 4859 ||| RETREEEEATING.
  4865 | D:7      | 4865 ||| RETREEEEATING.
  4871 | D:7      | 4871 ||| RETREEEEATING.
  4880 | D:7      | Reached skill level 6 in Dodging
  4888 | D:7      | HP: 12/52 [centaur (2)]
  5203 | D:7      | Found a staircase to the Ecumenical Temple.
  5204 | D:7      | 5204 ||| PLANNING TEMPLE
  5214 | D:7      | 5214 ||| UPGRADING to ring of poison resistance.
  5219 | D:7      | 5219 ||| SWAPPING to +0 orcbow.
  5225 | D:7      | 5225 ||| DROPPING +3 heavy shortbow.
  5231 | Temple   | Entered the Ecumenical Temple
  5232 | Temple   | 5232 ||| PLANNING OKAWARU WORSHIP
  5250 | Temple   | Became a worshipper of Warmaster Okawaru
  5251 | Temple   | 5251 ||| PLANNING D:1-11
  5648 | D:8      | HP: 10/52 [wyvern (11)]
  5649 | D:8      | 5649 ||| READING scroll of teleportation.
  5650 | D:8      | Killed from afar by an orc priest

Levels and vault maps discovered:
D:1:      scummos_arrival_checkerplants, layout_basic, minmay_small_reverse_x
D:2:      layout_loops_ring, dreamdust_ecumenical_altar_sealed_demon,
          nicolae_figureground_sparkle
D:3:      layout_basic, minmay_tree_intersection
D:4:      layout_gridville, chequers_temple_overflow_statue_of_worship,
          serial_shops, shop
D:5:      layout_loops_corners, grunt_temple_overflow_gold_and_silver,
          serial_shops, shop, uniq_edmund
D:6:      layout_gridville, grunt_ministairs_1, uniq_pikel
D:7:      layout_basic, minmay_temple_entry_purple_smoke, minmay_shop_mass,
          grunt_ministairs_13, nicolae_stop_n_shop_1, kennysheep_generic_room_14
D:8:      layout_gridville, david_lair_generic, uniq_joseph
Temple:   bh_familiar_temple

Skill      XL: |  1  2  3  4  5  6  7  8  9 |
---------------+----------------------------+-----
Ranged Weapons | 6 7 8 9 10 12 14 | 14.1
Dodging        | 3 4 5 7 |  7.0
Fighting       | 2 3 4 |  4.7
Armour         | 1 2 |  2.0
Stealth        | |  1.2

Action                     |  1- 3 |  4- 6 |  7- 9 || total
---------------------------+-------+-------+-------++-------
   Fire: Shortbow          |    96 |   171 |   234 ||   501
         Orcbow            |       |       |    15 ||    15
    Use: Scroll            |     4 |     5 |     7 ||    16
         Potion            |     2 |     4 |     1 ||     7
 Armour: Leather armour    |     9 |       |       ||     9
         Ring mail         |     3 |    48 |    79 ||   130
  Dodge: Dodged            |    21 |    76 |   119 ||   216
  Block: Other             |       |    24 |    18 ||    42

Table legend:
 A = Non-vault XP
 B = Vault XP
 C = Vault XP percentage of total XP
 D = Non-vault monster count
 E = Vault monster count
 F = Vault count percentage of total count
                 A         B        C        D         E       F
            +---------+---------+-------+---------+---------+-------
      Total |    2808 |    1284 |  31.4 |     124 |      14 |  10.1
            +---------+---------+-------+---------+---------+-------
        D:1 |      34 |       6 |  15.0 |      19 |       4 |  17.4
        D:2 |      63 |       0 |   0.0 |      16 |       0 |   0.0
        D:3 |     149 |       0 |   0.0 |      27 |       0 |   0.0
        D:4 |     334 |       0 |   0.0 |      16 |       0 |   0.0
        D:5 |     181 |     200 |  52.5 |       7 |       2 |  22.2
        D:6 |     874 |     763 |  46.6 |      19 |       2 |   9.5
        D:7 |    1170 |     315 |  21.2 |      19 |       6 |  24.0
        D:8 |       3 |       0 |   0.0 |       1 |       0 |   0.0
            +---------+---------+-------+---------+---------+-------
